 Dungeon Crawl Stone Soup version 0.30-b1-2-g02819fbbbe (webtiles) character file.

Game seed: 17132244825431705754

328 Arum the Trooper (level 6, -4/45 (51) HPs)
             Began as a Formicid Fighter on May 5, 2023.
             Was an Initiate of Okawaru.
             Slain by Pikel
             ... wielding a +1 whip of electrocution
              (12 damage)
             ... on level 4 of the Dungeon.
             The game lasted 00:04:53 (2215 turns).

Arum the Trooper (Formicid Fighter)                 Turns: 2215, Time: 00:04:55

HP:   -4/45 (51)    AC:  7    Str: 22    XL:     6   Next: 80%
MP:   6/6           EV:  9    Int:  8    God:    Okawaru [......]
Gold: 168           SH:  5    Dex: 13    Spells: 5/5 levels left

rFire   . . .        a - +0 quarterstaff
rCold   + + .        c - +0 buckler
rNeg    . . .        b - +0 scale mail
rPois   +            (helmet unavailable)
rElec   .            (no cloak)
rCorr   .            (no gloves)
SInv    +            (no boots)
Will    .....        m - amulet "Cot Tiz" {Faith rPois Regen+}
Stlth   x              - ring of protection from cold
HPRegen 1.07/turn    (no ring)
MPRegen 0.10/turn

%: faith
@: mighty, heavily drained
A: permanent stasis, dig shafts and tunnels, antennae 3, four strong arms, cold
resistance 1
a: Dig, Shaft Self, Renounce Religion


You were on level 4 of the Dungeon.
You worshipped Okawaru.
Okawaru was noncommittal.
You visited 2 branches of the dungeon, and saw 5 of its levels.

You collected 168 gold pieces.

Inventory:

Hand Weapons
 a - a +0 quarterstaff (weapon)
 q - a +0 heavy quarterstaff
Armour
 b - a +0 scale mail (worn)
 c - a +0 buckler (worn)
Jewellery
 m - an amulet "Cot Tiz" (around neck) {Faith rPois Regen+}
   (You found it on level 2 of the Dungeon)

   [amulet of faith]

   It allows you to gain divine favour quickly.
   rPois:     It protects you from poison.
   Regen:     It increases your rate of health regeneration.
 x - a ring of protection from cold (left hand)
Wands
 y - a wand of polymorph (8)
Scrolls
 h - 3 scrolls of magic mapping {unknown}
 i - a scroll of teleportation {unknown}
 j - a scroll of amnesia {unknown}
 k - 6 scrolls of identify {unknown}
 n - a scroll of vulnerability {unknown}
 s - a scroll of brand weapon {unknown}
 t - a scroll of torment {unknown}
Potions
 e - 2 potions of mutation {unknown}
 f - a potion of attraction {unknown}
 g - a potion of invisibility {unknown}
 l - a potion of heal wounds {unknown}
 o - 2 potions of flight {unknown}
 r - a potion of cancellation {unknown}
 u - a potion of berserk rage {unknown}
 v - a potion of degeneration {unknown}
 w - a potion of haste {unknown}


   Skills:
 + Level 5.2 Fighting
 + Level 4.1 Staves
 + Level 5.2 Armour
 - Level 4.0 Shields


You had 5 spell levels left.
You didn't know any spells.
Your spell library contained the following spells:

 Spells                   Type           Power      Damage    Failure   Level
 Sandblast                Erth           0%         2d4       78%         1
 Passwall                 Tmut/Erth      0%         N/A       89%         2
 Gell's Gravitas          Tloc           0%         N/A       98%         3
 Stone Arrow              Conj/Erth      0%         3d7       98%         3
 Teleport Other           Tloc           0%         N/A       98%         3
 Dispersal                Tloc           0%         N/A       100%        6


Dungeon Overview and Level Annotations

Branches:
Dungeon (4/15)             Temple (1/1) D:4

Altars:
Fedhas
Okawaru
Xom
Yredelemnul
Zin

Shops:
D:4 :

Annotations:
D:4 2 runed translucent doors, Duvessa, Pikel


Innate Abilities, Weirdness & Mutations

You cannot be hasted, slowed, berserked, paralysed or teleported.
You can dig through walls and to a lower floor.
You have a pair of large antennae on your head. (SInv)
Your four strong arms can wield two-handed weapons with a shield.
Your flesh is cold resistant. (rC+)


Message History

You are too injured to fight recklessly!
You are too injured to fight recklessly!
You are too injured to fight recklessly!
You are too injured to fight recklessly!
You are too injured to fight recklessly!
You are too injured to fight recklessly!
You hit Pikel.
Pikel is moderately wounded.
Pikel hits you with a +1 whip of electrocution.
* * * LOW HITPOINT WARNING * * *
You feel better. Pikel closely misses you.
You hit Pikel but do no damage.
Pikel is moderately wounded.
Pikel barely misses you.
You barely miss Pikel.
Pikel is moderately wounded.
Pikel hits you with a +1 whip of electrocution.
You thump Pikel!
Pikel is heavily wounded.
You block Pikel's attack.
You closely miss Pikel.
Pikel is heavily wounded.
You block Pikel's attack.
Pikel hits you with a +1 whip of electrocution!
* * * LOW HITPOINT WARNING * * *
You feel very mighty all of a sudden.
Pikel hits you with a +1 whip of electrocution.
* * * LOW HITPOINT WARNING * * *
You hit Pikel.
Pikel is severely wounded.
Pikel hits you but does no damage.
You feel better.
Pikel hits you with a +1 whip of electrocution!
You closely miss Pikel.
Pikel is severely wounded.
Pikel hits you with a +1 whip of electrocution!
* * * LOW HITPOINT WARNING * * *
You are electrocuted!
You die...
Xom thinks this is hilarious!

#... #... . #... ..
#..5 ...#... .>.....
##### ##...5.###...#
..........#8.8.###
.........{..∩..#@##
.....#####.8.8.##K#
....# ##....#{#5##
....## #....#.{{##
.....###.....{.{.#
......##.........#
...<....#..........
...#....#...###......
...#....#..## ..#.###


You could see Pikel.

Vanquished Creatures
  A black bear (D:3)
  Terence (D:3)
  An iguana (D:2)
  Robin (D:2)
  An adder (D:2)
  A worm (D:2)
  3 dart slugs (D:2)
  An orc (D:3)
  4 endoplasms
  2 giant cockroaches
  10 goblins
  9 hobgoblins
  2 kobolds
  2 quokkas
  5 ball pythons
  3 bats
  2 frilled lizards
  9 rats
58 creatures vanquished.

Vanquished Creatures (collateral kills)
  A phantom (D:4)
  Ijyb (D:4)
  A goblin (D:4)
3 creatures vanquished.

Vanquished Creatures (others)
  2 fungi (D:1)
2 creatures vanquished.

Grand Total: 63 creatures vanquished

Notes
Turn   | Place    | Note
-------+----------+-------------------------------------------
     0 | D:1      | Arum the Formicid Fighter began the quest for the Orb.
     0 | D:1      | Reached XP level 1. HP: 18/18 MP: 1/1
   168 | D:1      | Found a faded altar of an unknown god.
   187 | D:1      | Prayed at the altar of an unknown god.
   187 | D:1      | Became a worshipper of Xom of Chaos
   290 | D:1      | Reached XP level 2. HP: 24/24 MP: 2/2
   347 | D:1      | XOM: cloud trail
   858 | D:2      | Reached XP level 3. HP: 24/30 MP: 3/3
   902 | D:2      | Identified an amulet "Cot Tiz" {Faith rPois Regen+}
   922 | D:2      | XOM: cast spell 'Olgreb's Toxic Radiance'
   979 | D:2      | XOM: scenery: 1 doors close
  1006 | D:2      | XOM: divination: detect items
  1020 | D:2      | Noticed Robin
  1021 | D:2      | Reached XP level 4. HP: 28/37 MP: 4/4
  1029 | D:2      | Killed Robin
  1143 | D:2      | XOM: cloud trail
  1253 | D:2      | Reached XP level 5. HP: 39/43 MP: 5/5
  1337 | D:3      | Noticed Terence
  1349 | D:3      | Killed Terence
  1364 | D:3      | XOM: give mutation
  1364 | D:3      | Gained mutation: Your flesh is cold resistant. (rC+) [Xom's
                  | grace]
  1658 | D:3      | XOM: god gift: scroll labelled ACOODO LIDE {god gift}
  1797 | D:3      | Noticed a black bear
  1803 | D:3      | XOM: god gift: ring of protection from cold
  1805 | D:3      | Killed a black bear
  1806 | D:3      | Reached XP level 6. HP: 47/50 MP: 6/6
  1849 | D:3      | XOM: cloud trail
  1884 | D:3      | XOM: scenery: summon butterflies
  2030 | D:4      | Found a staircase to the Ecumenical Temple.
  2041 | D:4      | Found a large runed translucent door.
  2042 | D:4      | Found a large runed translucent door.
  2046 | D:4      | Noticed Ijyb
  2056 | D:4      | Killed Ijyb
  2057 | D:4      | Reached skill level 5 in Fighting
  2057 | D:4      | Reached skill level 5 in Armour
  2085 | Temple   | Entered the Ecumenical Temple
  2092 | Temple   | Fell from the grace of Xom
  2092 | Temple   | Became a worshipper of Warmaster Okawaru
  2169 | D:4      | Found Veol's Book Boutique.
  2178 | D:4      | Noticed Pikel
  2178 | D:4      | Noticed Duvessa
  2215 | D:4      | Slain by Pikel

Illustrated notes

Levels and vault maps discovered:
D:1:      minmay_arrival_jagged, layout_basic, shapermc_ecumenical_altar_ellora
D:2:      layout_basic, uniq_robin
D:3:      layout_loops_ring, uniq_terence
D:4:      layout_cave_pools, jmf_multi_god_temple2, minmay_temple_entry_statues,
          serial_shops, nicolae_shop_tiny_statue_garden, uniq_duvessa,
          uniq_ijyb, uniq_pikel
Temple:   nicolae_temple_superstar

Skill      XL: |  1  2  3  4  5  6 |
---------------+-------------------+-----
Fighting       | 4 5 |  5.2
Armour         | 4 5 |  5.2
Staves         | 3 4 |  4.1
Shields        | |  4.0

Action                     |  1- 3 |  4- 6 || total
---------------------------+-------+-------++-------
  Melee: Quarterstaff      |    64 |   117 ||   181
Ability: Dig               |       |     1 ||     1
    Use: Potion            |       |     4 ||     4
         Scroll            |       |     1 ||     1
 Armour: Scale mail        |    25 |    49 ||    74
  Dodge: Dodged            |    26 |    46 ||    72
  Block: Buckler           |     7 |    26 ||    33
